Map: Equilibrium LE

Players

Doododropper

  • Race: Zerg Zerg
  • League: Diamond
  • Spawn Location: 11:00

SubN - Winner!

  • Race: Zerg Zerg
  • League: Diamond
  • Spawn Location: 1:00

VOD

Have the link to the VOD?

Description

Time

  • Played on: Jan. 22, 2024, 5:42 p.m.
  • Length: 9:57
Show
View Real Time Build Order
Export as new Build Order

Doododropper Zerg 

Build Orders: Pool First, Zergling Baneling 

Get SALT Encoding   

  12  0:01  Drone  
  13  0:13  Drone  
  14  0:18  Overlord  
  14  0:26  Drone, Extractor  
  15  0:37  Drone  
  15  0:38  Drone  
  17  0:46  Spawning Pool  
  17  0:49  Drone  
  17  1:12  Hatchery  
  17  1:17  Drone  
  17  1:30  Extractor  
  17  1:31  Drone x3  
  19  1:38  Queen  
  21  1:42  Overlord  
  21  1:55  Zergling x2  
  22  2:04  Zergling x2  
  23  2:14  Drone  
  23  2:15  Baneling Nest  
  23  2:18  Extractor  
  23  2:20  Queen  
  24  2:25  Overlord  
  24  2:30  Queen  
  24  2:33  Drone  
  27  2:39  Drone  
  28  2:48  Drone x3  
  31  2:54  Drone  
  31  2:57  Drone  
  33  2:59  Baneling x3  
  33  3:04  Drone  
  34  3:16  Metabolic Boost  
  34  3:18  Drone x3  
  37  3:23  Zergling x2  
  37  3:24  Zergling x4  
  40  3:31  Drone  
  40  3:32  Drone x2  
  43  3:35  Overlord  
  43  3:53  Queen  
  45  3:57  Zergling x6  
  45  4:00  Drone x3  
  51  4:06  Overlord  
  51  4:10  Drone  
  51  4:13  Baneling x2  
  51  4:14  Baneling x3  
  52  4:19  Overlord x2  
  52  4:27  Roach Warren  
  52  4:28  Drone x3  
  52  4:30  Evolution Chamber  
  53  4:33  Lair  
  53  4:37  Zergling x4  
  53  4:58  Zergling x2  
  50  5:00  Drone  
  50  5:01  Zergling x2  
  50  5:02  Zergling x8  
  55  5:08  Roach x3  
  61  5:16  Overlord  
  61  5:17  Roach  
  63  5:32  Roach x3  
  63  5:35  Queen  
  71  5:38  Extractor, Roach  
  71  5:39  Extractor, Roach x2  
  74  5:51  Roach  
  74  5:52  Roach x3  
  82  6:01  Drone  
  82  6:02  Spire  
  82  6:03  Overlord  
  82  6:04  Overlord x2  
  82  6:09  Overlord x2  
  82  6:20  Overlord x3  
  82  6:21  Overlord  
  82  6:24  Roach  
  80  6:32  Drone  
  78  6:33  Drone  
  78  6:36  Drone x2  
  78  6:37  Drone x2  
  83  6:46  Roach  
  85  7:02  Roach  
  85  7:03  Roach x2  
  85  7:07  Hatchery  
  90  7:15  Roach x5  
  87  7:29  Roach x4  
  89  7:32  Roach  
  89  7:33  Roach  
  89  7:36  Zerg Melee Weapons Level 1  
  93  7:38  Drone  
  94  7:50  Roach x4  
  96  7:55  Overlord x2  
  96  8:16  Mutalisk x6  
  108  8:25  Drone, Queen  
  111  8:38  Roach x5  
  121  8:53  Roach x5  
  121  8:54  Roach  
  127  9:06  Roach  
  127  9:07  Roach x4  
  115  9:12  Roach  
  97  9:17  Roach x3  
  97  9:21  Roach  
  83  9:25  Roach x2  
  85  9:35  Roach  
Show
View Real Time Build Order
Export as new Build Order

SubN Zerg - Winner!

Build Orders: Hatch First 

Get SALT Encoding   

  12  0:00  Drone  
  13  0:12  Overlord  
  13  0:17  Drone  
  14  0:30  Drone x2  
  16  0:50  Hatchery  
  16  0:51  Drone  
  16  0:54  Drone  
  17  0:58  Drone  
  18  1:05  Extractor  
  17  1:13  Spawning Pool  
  17  1:17  Drone  
  17  1:20  Drone  
  18  1:28  Drone  
  19  1:41  Drone  
  20  1:50  Overlord  
  20  2:01  Queen  
  20  2:02  Queen  
  20  2:03  Drone x2  
  26  2:10  Drone  
  27  2:16  Metabolic Boost  
  27  2:17  Drone  
  28  2:23  Drone  
  28  2:27  Drone  
  30  2:35  Overlord  
  30  2:40  Overlord  
  30  2:44  Queen  
  30  2:46  Overlord  
  32  2:51  Zergling x2  
  32  2:53  Roach Warren  
  32  2:56  Zergling x4  
  34  3:04  Drone  
  35  3:06  Drone  
  36  3:13  Drone x3  
  36  3:17  Drone  
  40  3:21  Drone  
  41  3:27  Drone, Extractor  
  41  3:32  Drone  
  42  3:40  Drone  
  43  3:43  Drone x3  
  43  3:45  Drone  
  47  3:53  Drone x3  
  47  3:54  Drone x2  
  52  4:00  Evolution Chamber  
  52  4:01  Evolution Chamber  
  50  4:04  Lair  
  50  4:09  Drone, Extractor  
  50  4:11  Overlord  
  50  4:23  Roach  
  60  4:24  Roach x4  
  60  4:28  Hatchery  
  59  4:32  Drone  
  60  4:39  Overlord  
  60  4:41  Roach  
  60  4:42  Roach x2  
  63  4:58  Drone x3  
  57  5:06  Drone x7  
  64  5:10  Zerg Missile Weapons Level 1  
  64  5:11  Zerg Ground Armor Level 1  
  64  5:18  Roach  
  64  5:19  Roach  
  68  5:22  Overlord  
  68  5:31  Roach  
  68  5:32  Spine Crawler  
  68  5:34  Overlord  
  69  5:38  Roach x2  
  69  5:39  Roach  
  75  5:46  Queen  
  77  5:53  Drone x5  
  82  6:06  Overlord x5  
  82  6:23  Queen  
  78  6:33  Roach  
  78  6:34  Glial Reconstitution, Roach x7  
  78  6:38  Drone x2  
  96  6:42  Drone x2  
  96  6:43  Drone x2  
  96  6:45  Drone  
  101  6:48  Queen  
  101  6:49  Extractor  
  102  6:55  Overseer  
  102  6:56  Overlord  
  102  6:58  Queen  
  102  7:00  Roach  
  102  7:01  Roach  
  104  7:17  Roach x8  
  110  7:23  Zerg Missile Weapons Level 2  
  110  7:26  Zerg Ground Armor Level 2  
  108  7:32  Roach x2  
  113  7:37  Drone x4  
  113  7:42  Drone x2  
  118  7:47  Drone  
  113  7:53  Roach x6  
  125  8:05  Drone x5  
  130  8:08  Extractor  
  130  8:10  Drone  
  130  8:13  Overlord x2  
  130  8:14  Overlord  
  130  8:32  Roach  
  130  8:33  Roach x9  
  150  8:38  Roach  
  152  8:42  Drone  
  153  9:01  Overlord x6  
  143  9:10  Roach x2  
  135  9:20  Spore Crawler  
  135  9:21  Spore Crawler  
  135  9:23  Spore Crawler  
  135  9:24  Spore Crawler x2  
  123  9:25  Spore Crawler  
  123  9:30  Roach x4  
  123  9:31  Roach x9  
Tags
 
Add a new tag
Caveats
  • Supply blocks, unpowered buildings, or Contaminate may cause inaccurate times.
  • Supply counts are checked every 10 seconds.